 Dungeon Crawl Stone Soup version 0.27.1 (webtiles) character file.

Game seed: 4526239581492524380

1138 Descartes the Covert (level 8, 0/39 HPs)
             Began as a Spriggan Delver on Sept 1, 2021.
             Was a Priest of Vehumet.
             Slain by a mummy (8 damage)
             ... in an ossuary.
             The game lasted 00:21:38 (7200 turns).

Descartes the Covert (Spriggan Delver)              Turns: 7200, Time: 00:21:39

Health: 0/39       AC:  6    Str: 10    XL:     8   Next: 14%
Magic:  13/13      EV: 20    Int: 12    God:    Vehumet [***...]
Gold:   156        SH:  0    Dex: 16    Spells: 2/12 levels left

rFire    . . .     SeeInvis +   l - +1 dagger (flame)
rCold    . . .     Faith    .   (shield restricted)
rNeg     . . .     Spirit   .   b - +0 robe
rPois    .         Reflect  .   (helmet restricted)
rElec    .         Harm     .   (no cloak)
rCorr    .         Rampage  .   (gloves unavailable)
Will     ++...                  (boots unavailable)
Stlth    +++++.....             (no amulet)
HPRegen  0.13/turn              w - +4 ring of protection
MPRegen  0.13/turn              y - ring of willpower

@: very quick
A: very small, no large weapons, unfitting armour, see invisible, speed 3
a: Renounce Religion


You were in an ossuary.
You worshipped Vehumet.
Vehumet was most pleased with you.
You visited 2 branches of the dungeon, and saw 7 of its levels.
You also visited: Ossuary.

You collected 282 gold pieces.
You spent 126 gold pieces at shops.

Inventory:

Hand Weapons
 l - a +1 dagger of flaming (weapon)
 t - a +0 rapier
 v - a +1 dagger of venom
Missiles
 h - 22 poisoned darts (quivered)
 j - 78 arrows
 m - 59 bolts
 p - 140 stones
 s - 76 sling bullets
Armour
 b - a +0 robe (worn)
Jewellery
 w - a +4 ring of protection (left hand)
 y - a ring of willpower (right hand)
Wands
 g - a wand of digging (3)
 B - a wand of paralysis (10)
Scrolls
 a - a scroll of immolation {unknown}
 c - 2 scrolls of fog
 e - a scroll of fear
 i - 3 scrolls of identify {unknown}
 k - a scroll of blinking {unknown}
 n - 4 scrolls of teleportation {unknown}
 u - a scroll of noise {unknown}
Potions
 f - a potion of haste
 o - 3 potions of mutation
 q - 2 potions of heal wounds {unknown}
 r - 3 potions of curing
 x - a potion of flight {unknown}
 z - a potion of resistance {unknown}
 A - a potion of magic {unknown}


   Skills:
 - Level 2.4 Fighting
 - Level 5.0 Short Blades
 + Level 6.1 Dodging
 * Level 10.3 Stealth
 + Level 2.8 Spellcasting
 + Level 1.2 Conjurations
 + Level 3.0 Hexes
 + Level 2.4 Transmutations
 + Level 1.6 Air Magic
 + Level 1.9 Poison Magic


You had 2 spell levels left.
You knew the following spells:

 Your Spells              Type           Power      Damage    Failure   Level
a - Dazzling Flash        Conj/Hex       12%        N/A       9%          3
b - Shock                 Conj/Air       20%        1d4       4%          1
c - Ignite Poison         Fire/Tmut/Pois 5%         N/A       11%         3
d - Magic Dart            Conj           16%        1d3       4%          1
e - Passwall              Tmut/Erth      3%         N/A       22%         2

Your spell library contained the following spells:

 Spells                   Type           Power      Damage    Failure   Level
 Poisonous Vapours        Pois/Air       12%        N/A       5%          2
 Mephitic Cloud           Conj/Pois/Air  5%         N/A       11%         3
 Swiftness                Air            5%         N/A       36%         3
 Portal Projectile        Hex/Tloc       10%        N/A       38%         3
 Call Canine Familiar     Summ           1%         N/A       58%         3
 Bolt of Magma            Conj/Fire/Erth 1%         4d4       78%         5
 Leda's Liquefaction      Hex/Erth       2%         N/A       80%         4
 Silence                  Hex/Air        3%         N/A       95%         5
 Agony                    Necr           1%         N/A       100%        5
 Invisibility             Hex            4%         N/A       100%        6


Dungeon Overview and Level Annotations

Branches:
Dungeon (6/15)             Temple (1/1) D:5         Ossuary (1/1)

Altars:
Ashenzari
Cheibriados
Fedhas
Hepliaklqana
Kikubaaqudgha
Makhleb
Nemelex Xobeh
Okawaru
Qazlal
Sif Muna
Trog
Vehumet
Wu Jian
Xom
Yredelemnul
Zin
The Shining One

Shops:
D:4 !   D:6 [

Annotations:
D:4 Edmund
D:5 2 runed translucent doors, Menkaure


Innate Abilities, Weirdness & Mutations

You are very small and have problems with some larger weapons.
You are too small for most types of armour.
You have supernaturally acute eyesight. (SInv)
You cover ground extremely quickly. (Speed+++)


Message History

You barely miss the mummy.
The mummy is severely damaged.
You completely miss the mummy.
The mummy is severely damaged.
The mummy hits you!
You hit the mummy. You burn the mummy.
The mummy is almost destroyed.
You hit the mummy but do no damage.
The mummy is almost destroyed.
The mummy closely misses you.
You hit the mummy. You burn the mummy.
You destroy the mummy!
Vehumet accepts your kill.
You hit the mummy. You burn the mummy.
The mummy is moderately damaged.
You hit the mummy. You burn the mummy.
The mummy is heavily damaged.
The mummy closely misses you.
You barely miss the mummy.
The mummy is heavily damaged.
You barely miss the mummy.
The mummy is heavily damaged.
You completely miss the mummy.
The mummy is heavily damaged.
The mummy completely misses you.
You hit the mummy but do no damage.
The mummy is heavily damaged.
The mummy hits you!
* * * LOW HITPOINT WARNING * * *
You hit the mummy but do no damage. You hit the mummy. You burn the mummy.
The mummy is moderately damaged.
The mummy misses you.
You hit the mummy but do no damage.
The mummy is moderately damaged.
The mummy hits you but does no damage.
You hit the mummy but do no damage.
The mummy is moderately damaged.
The mummy hits you!
You die...

################
##....ZMM@M.....#
##......####......
#......##..##.....
#.....##....##....
#.................
##................
##............. #
#+##........#
##......#


You could see 3 mummies and a hobgoblin zombie.

Vanquished Creatures
  Grinder (D:4)
  A wyvern zombie (D:6)
  4 scorpions (D:5)
  A water moccasin skeleton (D:5)
  A jelly (D:5)
  2 hounds (D:4)
  A bullfrog skeleton (D:5)
  An orc priest (D:4)
  A gnoll shaman (D:4)
  2 iguanas (D:4)
  A scorpion zombie (D:3)
  2 orc wizards (D:3)
  A hound zombie (D:5)
  5 mummies (Ossuary)
  A howler monkey skeleton (D:6)
  3 adders
  3 gnolls (D:4)
  A shadow imp (D:6)
  2 ufetubi (D:4)
  An adder skeleton (D:4)
  A worm (D:2)
  3 dart slugs
  13 orcs
  8 endoplasms
  6 giant cockroaches
  5 goblins
  9 hobgoblins
  2 jackals (D:5)
  13 kobolds
  5 quokkas
  6 ball pythons
  7 bats
  2 frilled lizards
  3 gnoll zombies (Ossuary)
  3 hobgoblin zombies (Ossuary)
  A kobold zombie (Ossuary)
  6 rats
128 creatures vanquished.

Vanquished Creatures (others)
  A plant (D:5)
1 creature vanquished.

Grand Total: 129 creatures vanquished

Notes
Turn   | Place    | Note
-------+----------+-------------------------------------------
     0 | D:5      | Descartes the Spriggan Delver began the quest for the Orb.
     0 | D:5      | Reached XP level 1. HP: 11/11 MP: 2/2
    29 | D:5      | Noticed a scorpion
    34 | D:5      | Killed a scorpion
    35 | D:5      | Reached skill level 8 in Stealth
    35 | D:5      | Reached XP level 2. HP: 16/16 MP: 3/3
    35 | D:5      | Reached XP level 3. HP: 19/19 MP: 4/4
    79 | D:5      | Noticed a scorpion
    86 | D:5      | Killed a scorpion
    87 | D:5      | Reached XP level 4. HP: 23/23 MP: 5/5
   138 | D:5      | Found a large runed translucent door.
   138 | D:5      | Found a large runed translucent door.
   144 | D:5      | Found a staircase to the Ecumenical Temple.
   150 | Temple   | Entered the Ecumenical Temple
   244 | Temple   | Became a worshipper of Vehumet
   390 | D:5      | Reached XP level 5. HP: 3/27 MP: 6/6
   713 | D:5      | Reached skill level 5 in Dodging
   748 | D:5      | Learned a level 3 spell: Dazzling Flash
   844 | D:5      | Noticed Menkaure
  1107 | D:4      | Reached skill level 9 in Stealth
  1127 | D:4      | Noticed Edmund
  1131 | D:4      | Reached XP level 6. HP: 32/32 MP: 6/8
  1321 | D:2      | Found a faded altar of an unknown god.
  1412 | D:2      | Reached skill level 1 in Hexes
  1647 | D:1      | Reached skill level 1 in Spellcasting
  1773 | D:1      | Reached * piety under Vehumet
  1773 | D:1      | Offered knowledge of Shock by Vehumet.
  3020 | D:3      | Learned a level 1 spell: Shock
  3024 | D:3      | Learned a level 3 spell: Ignite Poison
  3050 | D:3      | Reached ** piety under Vehumet
  3127 | D:3      | Offered knowledge of Magic Dart by Vehumet.
  3914 | D:4      | Found Uptarph's Distillery.
  3944 | D:4      | Bought a potion of mutation for 112 gold pieces
  3944 | D:4      | Bought a potion of degeneration for 14 gold pieces
  4289 | D:3      | Learned a level 1 spell: Magic Dart
  4314 | D:4      | Noticed Grinder
  4321 | D:4      | Reached XP level 7. HP: 26/35 MP: 10/10
  4329 | D:4      | Reached skill level 1 in Transmutations
  4357 | D:4      | Killed Grinder
  4358 | D:4      | Reached skill level 1 in Air Magic
  4358 | D:4      | Reached skill level 1 in Poison Magic
  4626 | D:4      | Learned a level 2 spell: Passwall
  5146 | D:4      | Offered knowledge of Poisonous Vapours by Vehumet.
  5855 | D:4      | Reached skill level 10 in Stealth
  6157 | D:4      | Reached skill level 1 in Conjurations
  6904 | D:6      | Reached XP level 8. HP: 34/39 MP: 12/12
  6934 | D:6      | Reached skill level 5 in Short Blades
  6936 | D:6      | Found Bepsenivi's Armour Shop.
  6992 | D:6      | Found a sand-covered staircase.
  6997 | Ossuary  | Entered an ossuary
  7009 | Ossuary  | Reached *** piety under Vehumet
  7200 | Ossuary  | Slain by a mummy

Illustrated notes

Levels and vault maps discovered:
D:1:      lightli_arrival_boilingwater, layout_basic, minmay_misc_feat_iff
D:2:      layout_loops_ring, ebering_ecumenical_altar_abandoned
D:3:      layout_basic
D:4:      layout_layer_cave, serial_shops, shop, uniq_grinder, uniq_edmund
D:5:      layout_basic, jmf_multi_god_temple2,
          minmay_temple_entry_gardened_gates, uniq_menkaure
D:6:      layout_rooms, enter_ossuary_5, serial_shops,
          nicolae_shop_behind_doors, minmay_crystal_water,
          minmay_large_rounded_square
Temple:   minmay_crystal_spiral_temple
Ossuary:  ossuary_tomb_3

Skill      XL: |  1  2  3  4  5  6  7  8 |
---------------+-------------------------+-----
Short Blades   | 3 4 5 |  5.0
Dodging        | 3 4 5 6 |  6.1
Stealth        | 8 9 10 | 10.3
Hexes          | 1 2 3 |  3.0
Spellcasting   | 1 2 |  2.8
Transmutations | 2 |  2.4
Air Magic      | 1 |  1.6
Poison Magic   | 1 |  1.9
Conjurations   | 1 |  1.2
Fighting       | |  2.4

Action                   |  1- 3 |  4- 6 |  7- 9 || total
-------------------------+-------+-------+-------++-------
Melee: Short sword       |     2 |   126 |       ||   128
       Dagger            |       |   165 |   206 ||   371
       Rapier            |       |    43 |       ||    43
 Cast: Shock             |       |       |    43 ||    43
  Use: Potion            |       |     1 |     1 ||     2
       Scroll            |       |       |     1 ||     1
 Stab: Sleeping          |     2 |    28 |     7 ||    37
       Distracted        |       |     1 |     1 ||     2
Armor: Robe              |       |    42 |    20 ||    62
Dodge: Dodged            |       |   287 |   114 ||   401
